 Dungeon Crawl Stone Soup version 0.31-a0-523-g071a6c1ffa (webtiles) character file.

Game seed: 9548089458126643042

67 Ethylacetat the Slasher (level 4, -7/30 HPs)
             Began as an Octopode Gladiator on Aug 11, 2023.
             Killed by nerve-wracking pain
             ... invoked by Grinder
              (11 damage)
             ... on level 3 of the Dungeon.
             The game lasted 00:02:18 (1530 turns).

Ethylacetat the Slasher (Octopode Gladiator)        Turns: 1530, Time: 00:02:18

Health: -7/30      AC:  1    Str: 13    XL:     4   Next: 16%
Magic:  4/4        EV: 14    Int: 10    God:
Gold:   122        SH:  0    Dex: 15    Spells: 3/3 levels left

rFire   . . .        a - +0 long sword
rCold   . . .        (no shield)
rNeg    . . .        b - +0 hat
rPois   .            k - amulet of magic regeneration
rElec   .            (no ring)
rCorr   .            (no ring)
SInv    .            (no ring)
Will    .....        (no ring)
Stlth   +++          (no ring)
HPRegen 0.25/turn    (no ring)
MPRegen 0.49/turn    (no ring)
                     (no ring)

%: no passive effects
@: no status effects
A: almost no armour, amphibious, 8 rings, camouflage 1, gelatinous body 1,
(nimble swimmer 1), tentacles
a: no special abilities


You were on level 3 of the Dungeon.
You visited 1 branch of the dungeon, and saw 3 of its levels.

You collected 122 gold pieces.

Inventory:

Hand Weapons
 a - a +0 long sword (weapon)
Missiles
 d - a javelin
Armour
 b - a +0 hat (worn)
Jewellery
 k - an amulet of magic regeneration (around mantle)
Scrolls
 g - 8 scrolls of identify {unknown}
 j - 2 scrolls of fear {unknown}
 l - a scroll of enchant armour {unknown}
Potions
 e - a potion of lignification {unknown}
 f - a potion of experience {unknown}
 h - a potion of brilliance {unknown}
 i - a potion of attraction {unknown}


   Skills:
 + Level 2.7 Fighting
 + Level 3.5 Long Blades
 - Level 2.0 Throwing
 + Level 3.5 Dodging
 + Level 2.4 Stealth


You had 3 spell levels left.
You didn't know any spells.
Your spell library was empty.

Dungeon Overview and Level Annotations

Branches:
Dungeon (3/15)

Altars:

Annotations:
D:3 Grinder


Innate Abilities, Weirdness & Mutations

You cannot wear most types of armour.
You are amphibious.
You can wear up to eight rings at the same time.
Your skin changes colour to match your surroundings (Stealth+).
Your rubbery body absorbs attacks. (AC +1, EV +1)
((You are camouflaged when in or above water. (Stealth+)))
You have tentacles for arms and can constrict up to eight enemies at once.


Message History

Things that are here:
a scroll labelled EVAQAE JESOBIN; a scroll labelled LABOWO HUOXYDGH You hit Grinder.
Your grab misses Grinder.
Grinder is lightly wounded.
Grinder hits you.
You writhe in agony.
Grinder is nearby!
You barely miss Grinder. Your grab misses Grinder.
Grinder is lightly wounded.
Grinder gestures at you.
You suddenly lose the ability to move!
Grinder gestures at you. Pain shoots through your body!
Grinder hits you but does no damage. Grinder gestures at you.
Pain shoots through your body!
* * * LOW HITPOINT WARNING * * *
You can move again.
Unknown command.
Okay, then.
Throw: 3 throwing nets
Press: ? - help, Q - select action, (/) - cycle Shift-Dir - straight line, f - Grinder
Aim: Grinder (lightly wounded, 53% to hit)
You throw a throwing net.
The throwing net closely misses Grinder.
Grinder misses you.
Throw: 2 throwing nets
Press: ? - help, Q - select action, (/) - cycle Shift-Dir - straight line, f/p - Grinder
Aim: Grinder (lightly wounded, 53% to hit)
You throw a throwing net. The throwing net barely misses Grinder.
Grinder gestures at you.
You shrug off the repeated paralysis!
Throw: throwing net
Press: ? - help, Q - select action, (/) - cycle Shift-Dir - straight line, f/p - Grinder
Aim: Grinder (lightly wounded, 53% to hit)
You throw a throwing net. The throwing net hits Grinder.
Grinder is caught in the net!
Grinder is lightly wounded.
Grinder gestures at you. Pain shoots through your body!
You die...

####....##.###....(..#
#
#..........###.####...
#.##.##....#......#
...
#..........#.###### ##
####..##.#.#.#
##.##.###.######.
#.##.##.........
#.##.##..######.
#.##@##..# #.##5##..#
#.##.##..# #.##(....#
#.#####.## #.. .. ###


You could see Grinder (caught).

Vanquished Creatures
  An adder (D:2)
  A worm (D:2)
  4 dart slugs
  8 bats
  3 endoplasms
  5 hobgoblins
  5 jackals (D:2)
  4 ball pythons
  2 frilled lizards
  6 kobolds
  7 rats
46 creatures vanquished.

Notes
Turn   | Place    | Note
-------+----------+-------------------------------------------
     0 | D:1      | Ethylacetat the Octopode Gladiator began the quest for the
                  | Orb.
     0 | D:1      | Reached XP level 1. HP: 14/14 MP: 1/1
   139 | D:1      | Reached skill level 1 in Stealth
   156 | D:1      | Reached XP level 2. HP: 19/19 MP: 2/2
   637 | D:1      | Reached XP level 3. HP: 23/25 MP: 3/3
   668 | D:1      | Found a faded altar of an unknown god.
  1156 | D:2      | Reached XP level 4. HP: 30/30 MP: 4/4
  1518 | D:3      | Noticed Grinder
  1524 | D:3      | Paralysed by Grinder for 4 turns
  1530 | D:3      | Killed from afar by Grinder

Illustrated notes

Levels and vault maps discovered:
D:1:      dpeg_arrival_round_b, layout_basic, shapermc_ecumenical_altar_petra,
          serial_bayou_pond_c
D:2:      layout_loops_cross, minmay_misc_feat_more_columns,
          nicolae_concentric_dashed_squares_mild
D:3:      layout_basic, uniq_grinder, uniq_robin

Skill      XL: |  1  2  3 |
---------------+----------+-----
Stealth        | 1 2 |  2.4
Fighting       | |  2.7
Long Blades    | |  3.5
Throwing       | |  2.0
Dodging        | |  3.5

Action                     |  1- 3 |  4- 6 || total
---------------------------+-------+-------++-------
  Melee: Long sword        |    63 |    18 ||    81
         Constrict         |    18 |     3 ||    21
         Tentacles         |    15 |     2 ||    17
         Punch             |       |     1 ||     1
  Throw: Throwing net      |       |     3 ||     3
   Stab: Sleeping          |     8 |     2 ||    10
 Armour: Skin              |    11 |     3 ||    14
  Dodge: Dodged            |    37 |    20 ||    57

Table legend: (Time is in decaauts)
 A = Elapsed time spent in this place.
 B = Non-inter-level travel time spent in this place.
 C = Inter-level travel time spent in this place.
 D = Time resting spent in this place.
 E = Time spent auto-exploring this place.
 F = Levels seen in this place.
 G = Mean time per level.
                   A        B        C        D        E       F      G
               +--------+--------+--------+--------+--------+-----+--------+
         Total |   1548 |   1474 |     74 |      0 |   1182 |   3 |  516.0 |
       Dungeon |   1548 |   1474 |     74 |      0 |   1182 |   3 |  516.0 |
               +--------+--------+--------+--------+--------+-----+--------+

Top non-repeatable levels by time:
     D:1: 737 daAuts
     D:2: 730 daAuts
     D:3: 80 daAuts
